 Dungeon Crawl Stone Soup version 0.22.1-1-ga44c0e56f4 (webtiles) character file.

163000 Morbidden the Severer (level 16, -7/158 HPs)
             Began as a Deep Dwarf Fighter on Oct 11, 2018.
             Was the Champion of the Shining One.
             Killed from afar by a wizard (40 damage)
             ... with a crystal spear
             ... on level 1 of the Vaults on Oct 12, 2018.
             The game lasted 02:09:52 (30354 turns).

Morbidden the Severer (Deep Dwarf Fighter)         Turns: 30354, Time: 02:09:52

Health: -7/158     AC: 39    Str: 27    XL:     16   Next: 97%
Magic:  10/10      EV: 14    Int: 13    God:    the Shining One [******]
Gold:   1916       SH: 15    Dex: 12    Spells: 17/17 levels left

rFire    . . .     SeeInvis +   a - +9 war axe of Paumat {elec, *Corrode rC+ SInv}
rCold    + . .     Gourm    +   E - +1 shield {rPois}
rNeg     + + +     Faith    .   K - +12 plate armour of Wyabli {*Contam rElec Str+2 Stlth+}
rPois    +         Spirit   .   j - +0 helmet
rElec    +         Reflect  .   n - +1 cloak
rCorr    .         Harm     .   V - +1 pair of gloves {archery}
MR       +++..                  D - +2 pair of boots of the Nightingale {+Inv Int+2}
Stlth    ..........             C - amulet of the gourmand
HPRegen  0.00/turn              I - ring of protection from magic
MPRegen  0.12/turn              M - +3 ring of evasion

@: non-regenerating, glowing
A: damage resistance, heal wounds, negative energy resistance 1, sense
surroundings 2, no regeneration
}: 1/15 runes: decaying
a: Heal Wounds, Divine Shield, Cleansing Flame, Summon Divine Warrior, Brand
Weapon With Holy Wrath, Renounce Religion, Evoke Invisibility


You were on level 1 of the Vaults.
You worshipped the Shining One.
The Shining One was exalted by your worship.
You were very full.

You visited 8 branches of the dungeon, and saw 32 of its levels.
You visited the Abyss 1 time.
You also visited: Volcano.

You collected 3199 gold pieces.
You spent 1283 gold pieces at shops.

Inventory:

Hand Weapons
 a - the +9 war axe of Paumat (weapon) {elec, *Corrode rC+ SInv}
   (You took it off an orc warrior on level 11 of the Dungeon)

   Occasionally, upon striking a foe, it will discharge some electrical energy
   and cause terrible harm.
   It protects you from cold.
   It lets you see invisible.
   It may corrode you when you take damage.
 b - a +6 morningstar of protection
Missiles
 k - 4 silver tomahawks
 t - 4 steel tomahawks (quivered)
 G - 2 throwing nets
 U - 7 silver javelins
Armour
 j - a +0 helmet (worn)
 n - a +1 cloak (worn)
 D - the +2 pair of boots of the Nightingale (worn) {+Inv Int+2}
   (You found it on level 11 of the Dungeon)

   It affects your intelligence (+2).
   It lets you turn invisible.
 E - a +1 shield of poison resistance (worn)
 H - the +0 pair of gloves "Umaohof" {+Inv rElec Dex+2}
   (You found it on level 11 of the Dungeon)

   It affects your dexterity (+2).
   It insulates you from electricity.
   It lets you turn invisible.
 K - the +12 plate armour of Wyabli (worn) {*Contam rElec Str+2 Stlth+}
   (You bought it in a shop on level 11 of the Dungeon)

   It affects your strength (+2).
   It insulates you from electricity.
   It causes magical contamination when unequipped.
   It makes you more stealthy.
 R - a +0 large shield
 V - a +1 pair of gloves of archery (worn)
Jewellery
 C - an amulet of the gourmand (around neck)
 I - a ring of protection from magic (left hand)
 M - a +3 ring of evasion (right hand)
 O - an uncursed ring of magical power
Wands
 d - a wand of polymorph (12)
 m - a wand of flame (54)
 w - a wand of digging (19)
 A - a wand of paralysis (11)
 N - a wand of iceblast (21)
 T - a wand of acid (9)
 X - a wand of enslavement (11)
Scrolls
 c - a scroll of brand weapon
 g - 10 scrolls of teleportation
 l - 3 scrolls of enchant weapon
 o - 10 scrolls of identify
 p - 10 scrolls of magic mapping
 r - 5 scrolls of amnesia
 s - 6 scrolls of enchant armour
 u - a scroll of torment
 y - 3 scrolls of immolation
 z - 2 scrolls of fog
 B - 9 scrolls of remove curse
 Q - a scroll of fear
 S - 2 scrolls of vulnerability
Potions
 e - a potion of flight
 h - 4 potions of mutation
 i - 4 potions of cancellation
 q - a potion of curing
 x - 2 potions of brilliance
 F - a potion of haste
 P - 5 potions of resistance
 W - a potion of agility {unknown}
Miscellaneous
 v - 2 phantom mirrors
 J - a box of beasts
 L - 2 sacks of spiders
Comestibles
 f - 25 rations


   Skills:
 + Level 13.6 Fighting
 - Level 16.0 Axes
 * Level 14.3 Armour
 * Level 8.6 Dodging
 + Level 13.0 Shields
 - Level 1.0 Spellcasting
 * Level 13.6 Invocations
 + Level 10.4 Evocations


You had 17 spell levels left.
You didn't know any spells.
Your spell library contained the following spells:

 Spells                   Type           Power        Failure   Level  Hunger
 Animate Skeleton         Necr           N/A          94%         1    ##.....
 Apportation              Tloc           #.....       94%         1    ##.....
 Beastly Appendage        Tmut           #.....       94%         1    ##.....
 Confusing Touch          Hex            #.....       94%         1    ##.....
 Corona                   Hex            #......      94%         1    ##.....
 Flame Tongue             Conj/Fire      #....        94%         1    ##.....
 Magic Dart               Conj           #...         94%         1    ##.....
 Pain                     Necr           #...         94%         1    ##.....
 Sandblast                Erth           #.....       94%         1    ##.....
 Shock                    Conj/Air       #...         94%         1    ##.....
 Summon Small Mammal      Summ           #...         94%         1    ##.....
 Blink                    Tloc           N/A          98%         2    ###....
 Call Imp                 Summ           #.......     98%         2    ###....
 Ensorcelled Hibernation  Hex/Ice        #.....       98%         2    ###....
 Passwall                 Tmut/Erth      #.......     98%         2    ###....
 Slow                     Hex            #.......     98%         2    ###....
 Sticks to Snakes         Tmut           #.......     98%         2    ###....
 Swiftness                Chrm/Air       #.......     98%         2    ###....
 Throw Flame              Conj/Fire      #.....       98%         2    ###....
 Confuse                  Hex            #.......     100%        3    ####...
 Conjure Flame            Conj/Fire      #.......     100%        3    ####...
 Dazzling Spray           Conj/Hex       #.....       100%        3    ####...
 Gell's Gravitas          Tloc           #.........   100%        3    ####...
 Inner Flame              Hex/Fire       #.......     100%        3    ####...
 Mephitic Cloud           Conj/Pois/Air  #.......     100%        3    ####...
 Spider Form              Tmut/Pois      #.........   100%        3    ####...
 Static Discharge         Conj/Air       #.......     100%        3    ####...
 Tukima's Dance           Hex            #.......     100%        3    ####...
 Vampiric Draining        Necr           #.........   100%        3    ####...
 Airstrike                Air            #.........   100%        4    #####..
 Animate Dead             Necr           N/A          100%        4    #####..
 Ice Form                 Ice/Tmut       #.......     100%        4    #####..
 Petrify                  Tmut/Erth      #.......     100%        4    #####..
 Sticky Flame             Conj/Fire      #.......     100%        4    #####..
 Blade Hands              Tmut           #.........   100%        5    ######.
 Fireball                 Conj/Fire      #.........   100%        5    ######.
 Lightning Bolt           Conj/Air       #.........   100%        5    ######.
 Metabolic Englaciation   Hex/Ice        #.........   100%        5    ######.
 Yara's Violent Unravell  Hex/Tmut       #.........   100%        5    ######.
 Iron Shot                Conj/Erth      #.........   100%        6    #######
 Statue Form              Tmut/Erth      #........    100%        6    #######
 Ignition                 Fire           #.........   100%        8    #######
 Shatter                  Erth           #.........   100%        9    #######
 Tornado                  Air            #.........   100%        9    #######
 Regeneration             Chrm/Necr      Unusable     N/A         3    N/A

Dungeon Overview and Level Annotations

Branches:
Dungeon (15/15)            Temple (1/1) D:7            Lair (6/6) D:9
  Swamp (4/4) Lair:3        Snake (2/4) Lair:4        Slime (0/5) Lair:5
    Orc (2/2) D:10            Elf (0/3) Orc:2        Vaults (1/5) D:14
 Depths (1/5) D:15

Altars:
Ashenzari
Cheibriados
Dithmenos
Fedhas
Hepliaklqana
Kikubaaqudgha
Makhleb
Nemelex Xobeh
Okawaru
Qazlal
Trog
Uskayaw
Vehumet
Xom
Yredelemnul
Zin
The Shining One
Beogh
Jiyva

Shops:
D:4 (   D:11 [   Orc:1 [![   Orc:2 :(*[   Snake:1 }}=

Annotations:
D:8 exclusion: ice statue
D:9 2 transporters, Anaphory's ghost, journeyman MiBe
D:14 1 runed door, Sogodoh's ghost, journeyman GrFi
Lair:1 1 runed door, exclusion: orange crystal statue, iVAG's ghost, novice DrCj
Swamp:2 1 runed door, Belofeiz's ghost, adept MiBe
Swamp:4 Nikola


Innate Abilities, Weirdness & Mutations

You are resistant to damage.
You can heal yourself by infusing magical energy.
You resist negative energy. (rN+)
You passively map the area around you.
You do not regenerate.


Message History

There is an open door here.
You see here a large rock.
You open the door.
There is an open door, spattered with blood here.
You see here 2 bolts.
You see here a bolt.
Things that are here:
a war axe; a chain mail; an orc skeleton
Found 14 stones.
Unknown command.
You see here 14 stones.
W - a purple potion Unknown command.
A wizard comes into view. It is wielding a dagger of draining.
You see here a scroll of identify.
A wizard is nearby!
You feel much better.
The wizard points at you and mumbles some strange words.
The crystal spear hits you!
You die...

* , ,, ,, #....# * ** ,
* ** #....# , * #....# *
, #....# , ,, #....# * *
#########....###########
,
........................
,
.....p.@.A..............
, ,
........................
,
...................(....
+#######################
, ,, *, , , ,** , ,, ,
######## , *###
###....... , *
#.#####.#....... , * ,
#...'...#.......


You could see a wizard and a friendly angel.

Vanquished Creatures
  A thorn hunter (Swamp:3)
  Roxanne (Swamp:2)
  A vault warden (Vaults:1)
  A yaktaur captain (Vaults:1)
  2 fire dragons
  A naga warrior (Snake:2)
  3 catoblepae (Lair:6)
  A vault guard (D:14)
  8 hydras
  Erolcha (D:10)
  4 centaur warriors
  3 ghost crabs
  5 anacondas
  6 death yaks (Lair:6)
  4 two-headed ogres
  5 naga sharpshooters
  An ogre mage (Orc:1)
  Urug (Lair:6)
  11 alligators
  A tengu warrior (D:13)
  A thrashing horror (Abyss:1)
  2 orc high priests (Orc:2)
  Sonja (D:13)
  Nergalle (D:11)
  2 spriggans (Swamp:2)
  A wretched star (Abyss:1)
  5 skeletal warriors
  6 unseen horrors
  A glowing orange brain (shapeshifter) (D:13)
  3 swamp dragons
  A naga ritualist (Snake:2)
  2 necromancers (D:14)
  A wizard (D:15)
  2 ironbrand convokers (Vaults:1)
  3 shambling mangroves
  3 orc knights
  A mana viper (Snake:2)
  2 orc sorcerers (Orc:2)
  A wolf spider (D:15)
  2 ugly things
  A wolf spider zombie (D:15)
  6 cyclopes
  2 deep elf magi
  2 worldbinders (Abyss:1)
  4 manticores
  A salamander (D:15)
  An apocalypse crab (Abyss:2)
  Maurice (D:11)
  11 black mambas
  7 elephants (Lair:6)
  2 smoke demons (Abyss:1)
  12 spiny frogs
  3 gargoyles
  4 naga magi (Snake:1)
  A hellion (Abyss:2)
  2 yaktaurs
  A freezing wraith (D:15)
  10 komodo dragons
  An ancient zyme (Abyss:1)
  8 tyrant leeches
  5 hornets
  6 trolls
  18 blink frogs
  6 polar bears
  10 hippogriffs
  6 slime creatures
  A harpy skeleton (D:15)
  4 bog bodies
  An ice dragon zombie (Abyss:1)
  3 large abominations (Abyss:1)
  A flying skull (Abyss:1)
  4 shadows
  2 ynoxinuls (Abyss:1)
  2 basilisks (Lair:1)
  3 wraiths
  50 yaks
  4 wyverns
  4 fire bats (Volcano)
  4 hogs (D:8)
  22 humans
  3 hungry ghosts
  2 steam dragons
  4 vampire mosquitoes
  8 insubstantial wisps (Swamp:3)
  A warg (D:10)
  2 soldier ants (D:13)
  9 nagas
  14 swamp worms
  14 water moccasins
  A hell hound (Volcano)
  8 porcupines
  An acid dragon (D:11)
  36 orc warriors
  8 swamp drakes
  8 ice beasts
  6 sky beasts
  3 necrophages (D:7)
  A black bear (shapeshifter) (Vaults:1)
  3 eyes of draining
  5 small abominations (Abyss:1)
  9 ogres
  2 phantoms (D:13)
  23 centaurs
  9 crocodiles
  A big kobold (D:9)
  26 bullfrogs
  4 scorpions
  5 electric eels
  10 wights
  6 howler monkeys
  4 lava snakes (Volcano)
  11 crimson imps
  2 bullfrog zombies
  A starcursed mass (Abyss:1)
  A quasit (D:7)
  5 centaur zombies
  3 bullfrog skeletons
  6 hounds
  4 jellies
  8 centaur skeletons
  35 orc priests
  36 orc wizards
  Ijyb (D:3)
  4 iguanas
  9 worker ants
  3 hound zombies
  2 hound skeletons
  A worker ant zombie (D:10)
  17 adders
  8 gnolls
  A shadow imp (D:7)
  An ufetubus (Abyss:1)
  2 oozes
  3 adder skeletons
  3 worms
  A dart slug (D:1)
  4 leopard geckos
  102 orcs
  A ball python (D:3)
  7 bats
  6 giant cockroaches
  7 goblins
  16 hobgoblins
  5 jackals
  7 quokkas
  4 frilled lizards
  17 kobolds
  2 quokka skeletons
  5 rats
  A butterfly (Lair:6)
  5 fungi
  4 plants
935 creatures vanquished.

Vanquished Creatures (collateral kills)
  A bone dragon (Abyss:1)
  2 vault wardens (Vaults:1)
  An orc warlord (Orc:2)
  A dire elephant (D:15)
  2 hydras
  2 two-headed ogres
  A hell hog (Volcano)
  3 orc high priests
  4 skeletal warriors (D:15)
  A wizard (Vaults:1)
  An ironbrand convoker (Vaults:1)
  12 orc knights
  5 orc sorcerers
  A deep elf mage (D:15)
  A cyclops (Vaults:1)
  2 molten gargoyles (Volcano)
  A gargoyle (D:15)
  A yaktaur (Vaults:1)
  An entropy weaver simulacrum (Vaults:1)
  A troll (Orc:1)
  2 tengu conjurers (D:15)
  2 slime creatures (Vaults:1)
  A steam dragon (Volcano)
  A swamp worm (Swamp:1)
  A black bear (D:10)
  19 orc warriors
  2 swamp drakes (Swamp:1)
  4 ogres
  12 orc priests
  11 orc wizards
  A worker ant zombie (D:10)
  27 orcs
127 creatures vanquished.

Vanquished Creatures (others)
  A vault guard (Vaults:1)
  3 orc warriors
  3 yaks (D:12)
  A centaur (D:10)
  2 orcs
  A fungus (Lair:6)
  7 plants
18 creatures vanquished.

Grand Total: 1080 creatures vanquished

Notes
Turn   | Place    | Note
-------+----------+-------------------------------------------
     0 | D:1      | Morbidden the Deep Dwarf Fighter began the quest for the
                  | Orb.
     0 | D:1      | Reached XP level 1. HP: 20/20 MP: 1/1
    88 | D:1      | Reached skill level 3 in Axes
   118 | D:1      | Reached XP level 2. HP: 25/27 MP: 2/2
   773 | D:1      | Reached XP level 3. HP: 22/33 MP: 3/3
  1037 | D:2      | Reached skill level 4 in Axes
  1135 | D:2      | Reached XP level 4. HP: 21/40 MP: 4/4
  1601 | D:3      | Reached skill level 5 in Axes
  1702 | D:3      | Reached XP level 5. HP: 12/46 MP: 5/5
  1938 | D:3      | Reached skill level 6 in Axes
  2003 | D:3      | Noticed Ijyb
  2012 | D:3      | Killed Ijyb
  2019 | D:3      | Reached XP level 6. HP: 38/55 MP: 6/6
  2157 | D:3      | Reached skill level 7 in Axes
  2757 | D:4      | Found Peisacsa's Antique Weapon Boutique.
  2776 | D:4      | Bought a glowing war axe for 136 gold pieces
  2817 | D:4      | Reached skill level 8 in Axes
  2866 | D:4      | Reached XP level 7. HP: 31/61 MP: 6/6
  3489 | D:5      | Entered Level 5 of the Dungeon
  3592 | D:5      | Reached skill level 9 in Axes
  3925 | D:5      | Reached XP level 8. HP: 26/68 MP: 7/7
  4882 | D:6      | Reached skill level 1 in Dodging
  4926 | D:6      | Reached skill level 10 in Axes
  5368 | D:6      | Reached skill level 11 in Axes
  5422 | D:6      | HP: 1/69 [something (4)]
  5438 | D:6      | Killed an unseen horror
  5438 | D:6      | Reached skill level 5 in Armour
  5438 | D:6      | Gained mutation: You passively map the area around you.
                  | [Deep Dwarf growth]
  5438 | D:6      | Reached XP level 9. HP: 29/76 MP: 7/7
  5775 | D:7      | Reached skill level 12 in Axes
  6238 | D:7      | Found a staircase to the Ecumenical Temple.
  6468 | Temple   | Entered the Ecumenical Temple
  6538 | Temple   | Became a worshipper of the Shining One
  6680 | D:7      | Found a burning altar of Makhleb.
  6732 | D:7      | Reached skill level 5 in Shields
  6834 | D:8      | Reached skill level 13 in Axes
  6897 | D:8      | Noticed an ice statue
  6920 | D:8      | Reached XP level 10. HP: 38/87 MP: 8/8
  6931 | D:8      | Noticed a white ugly thing
  6941 | D:8      | Killed a white ugly thing
  7009 | D:8      | Noticed a gargoyle
  7033 | D:8      | Killed a gargoyle
  7124 | D:8      | Reached * piety under the Shining One
  7338 | D:8      | Noticed a two-headed ogre
  7348 | D:8      | Killed a two-headed ogre
  7348 | D:8      | Reached skill level 5 in Fighting
  7348 | D:8      | Reached skill level 14 in Axes
  7373 | D:8      | Found an ancient bone altar of Kikubaaqudgha.
  7888 | D:9      | Noticed Anaphory's ghost (journeyman MiBe)
  7889 | D:9      | Found a transporter.
  7928 | D:9      | Found a staircase to the Lair.
  7976 | D:9      | Found a transporter.
  8016 | D:9      | Reached XP level 11. HP: 25/96 MP: 8/8
  8635 | D:10     | Entered Level 10 of the Dungeon
  8654 | D:10     | Reached ** piety under the Shining One
  8654 | D:10     | Reached skill level 15 in Axes
  8791 | D:10     | Noticed an unseen horror
  8800 | D:10     | Killed an unseen horror
  8875 | D:10     | Found a staircase to the Orcish Mines.
  9147 | D:10     | Noticed Erolcha
  9160 | D:10     | Killed Erolcha
  9160 | D:10     | Reached skill level 1 in Evocations
  9329 | D:10     | Reached *** piety under the Shining One
  9383 | D:10     | Reached skill level 1 in Invocations
  9470 | D:10     | Noticed a six-headed hydra
  9522 | D:11     | Noticed Nergalle
  9532 | D:11     | Killed Nergalle
  9556 | D:11     | Reached skill level 16 in Axes
  9892 | D:11     | Noticed a centaur warrior
  9935 | D:11     | Noticed an unseen horror
  9937 | D:11     | Noticed Maurice
  9959 | D:11     | Killed Maurice
  9976 | D:11     | Found Xisuqomi's Antique Armour Shoppe.
 10093 | D:11     | Killed an unseen horror
 10233 | D:11     | Noticed a centaur warrior
 10311 | D:11     | Reached XP level 12. HP: 20/106 MP: 9/9
 11349 | Lair:1   | Entered Level 1 of the Lair of Beasts
 11375 | Lair:1   | Found a runed door.
 11379 | Lair:1   | Noticed iVAG's ghost (novice DrCj)
 11670 | Lair:1   | Noticed a seven-headed hydra
 12177 | D:11     | Killed a centaur warrior
 12209 | D:11     | Got a scorched war axe {elec}
 12210 | D:11     | Identified the +9 war axe of Paumat {elec, *Corrode rC+
                  | SInv} (You took it off an orc warrior on level 11 of the
                  | Dungeon)
 12289 | D:11     | Killed a centaur warrior
 12309 | D:11     | Found an iron altar of Okawaru.
 12318 | D:11     | Reached skill level 5 in Invocations
 12332 | D:11     | Got a pair of crude boots
 12334 | D:11     | Got a pair of crude gloves
 12356 | D:11     | Identified the +2 pair of boots of the Nightingale {+Inv
                  | Int+2} (You found it on level 11 of the Dungeon)
 12361 | D:11     | Identified the +0 pair of gloves "Umaohof" {+Inv rElec
                  | Dex+2} (You found it on level 11 of the Dungeon)
 13034 | D:12     | Reached **** piety under the Shining One
 13482 | D:13     | Noticed a two-headed ogre
 13493 | D:13     | Killed a two-headed ogre
 13527 | D:13     | Found a stormy altar of Qazlal.
 13686 | D:13     | Noticed a tengu warrior
 13698 | D:13     | Killed a tengu warrior
 13767 | D:13     | Reached XP level 13. HP: 121/121 MP: 8/8
 13782 | D:13     | Reached skill level 10 in Armour
 13887 | D:13     | Reached ***** piety under the Shining One
 13986 | D:13     | Reached skill level 10 in Fighting
 14263 | D:13     | Noticed Sonja
 14277 | D:13     | Cast into level 1 of the Abyss (Sonja)
 14277 | Abyss:1  | Found a corrupted altar of Lugonu.
 14279 | Abyss:1  | Found a shimmering altar of Xom.
 14279 | Abyss:1  | Found a shimmering altar of Xom.
 14279 | Abyss:1  | Found a shimmering altar of Xom.
 14279 | Abyss:1  | Found a shimmering altar of Xom.
 14279 | Abyss:1  | Found a shimmering altar of Xom.
 14279 | Abyss:1  | Found a shimmering altar of Xom.
 14279 | Abyss:1  | Found a corrupted altar of Lugonu.
 14279 | Abyss:1  | Found a shimmering altar of Xom.
 14279 | Abyss:1  | Found a shimmering altar of Xom.
 14279 | Abyss:1  | Found a shimmering altar of Xom.
 14279 | Abyss:1  | Found a shimmering altar of Xom.
 14441 | Abyss:1  | Noticed a bone dragon
 14466 | Abyss:1  | Killed a bone dragon
 14467 | Abyss:1  | Noticed a starcursed mass
 14468 | Abyss:1  | Found a corrupted altar of Lugonu.
 14713 | Abyss:1  | Noticed an ancient lich
 14780 | Abyss:1  | Noticed a starcursed mass
 14808 | Abyss:1  | Noticed a bone dragon
 14817 | Abyss:1  | Found a corrupted altar of Lugonu.
 14871 | Abyss:2  | Paralysed by you for 5 turns
 14883 | D:13     | Escaped the Abyss
 14887 | D:13     | Killed Sonja
 14887 | D:13     | Reached skill level 1 in Spellcasting
 15078 | D:11     | Bought a faintly glowing plate armour for 700 gold pieces
 15089 | D:11     | Identified the +12 plate armour of Wyabli {*Contam rElec
                  | Str+2 Stlth+} (You bought it in a shop on level 11 of the
                  | Dungeon)
 15148 | Orc:1    | Entered Level 1 of the Orcish Mines
 15451 | D:14     | Found a hazy altar of Hepliaklqana.
 15485 | D:14     | Noticed a fire dragon
 15499 | D:14     | Killed a fire dragon
 15782 | D:14     | Gained mutation: You resist negative energy. (rN+) [Deep
                  | Dwarf growth]
 15782 | D:14     | Reached XP level 14. HP: 47/135 MP: 7/7
 15799 | D:14     | Found a gate to the Vaults.
 15858 | D:14     | Reached skill level 5 in Evocations
 16040 | D:14     | Reached ****** piety under the Shining One
 16061 | D:14     | Reached skill level 10 in Shields
 16156 | D:14     | Noticed Sogodoh's ghost (journeyman GrFi)
 16157 | D:14     | Found a runed door.
 16157 | D:14     | Found a shimmering altar of Xom.
 16336 | D:15     | Entered Level 15 of the Dungeon
 16653 | D:4      | Bought a glowing morningstar for 147 gold pieces
 17871 | Lair:3   | Found a staircase to the Swamp.
 17999 | Lair:3   | Found a dark tunnel.
 18008 | Volcano  | Entered a volcano
 18309 | Volcano  | Found a bloodstained altar of Trog.
 18678 | Lair:3   | HP: 6/136 [komodo dragon (17)]
 18889 | Lair:3   | Reached skill level 10 in Invocations
 19633 | Lair:4   | Found a staircase to the Snake Pit.
 20315 | Lair:5   | Found a viscous altar of Jiyva.
 20315 | Lair:5   | Found a staircase to the Slime Pits.
 20968 | Lair:6   | Entered Level 6 of the Lair of Beasts
 21156 | Lair:6   | Reached skill level 5 in Dodging
 21159 | Lair:6   | Reached XP level 15. HP: 91/146 MP: 7/7
 21780 | Lair:6   | Noticed Urug
 21794 | Lair:6   | Killed Urug
 22103 | Swamp:1  | Entered Level 1 of the Swamp
 22341 | Swamp:1  | HP: 6/146 [alligator (7)]
 23649 | Orc:1    | Found Ymelueti's Distillery.
 23649 | Orc:1    | Found Umup's Antique Armour Boutique.
 23661 | Orc:1    | Bought a potion of curing for 45 gold pieces
 23661 | Orc:1    | Bought a potion of cancellation for 120 gold pieces
 23661 | Orc:1    | Bought a potion of curing for 45 gold pieces
 23661 | Orc:1    | Bought a potion of curing for 45 gold pieces
 23661 | Orc:1    | Bought a potion of curing for 45 gold pieces
 23811 | Orc:1    | Found Fuzygof's Antique Armour Boutique.
 24032 | Orc:2    | Entered Level 2 of the Orcish Mines
 24376 | Orc:2    | Noticed an orc warlord
 24435 | Orc:2    | Killed an orc warlord
 24631 | Orc:2    | Found a roughly hewn altar of Beogh.
 24681 | Orc:2    | Found a staircase to the Elven Halls.
 25088 | Orc:2    | Found Giepurue's General Store.
 25089 | Orc:2    | Found Hunaoph's Book Shoppe.
 25090 | Orc:2    | Found Loapodytre's Antique Armour Emporium.
 25090 | Orc:2    | Found Nyecsut's Antique Weapon Emporium.
 25385 | D:15     | Reached XP level 16. HP: 20/156 MP: 1/10
 25693 | D:15     | Found a staircase to the Depths.
 26107 | Depths:1 | Entered Level 1 of the Depths
 26450 | Swamp:2  | Found a runed door.
 26457 | Swamp:2  | Noticed Belofeiz's ghost (adept MiBe)
 26993 | Swamp:2  | Noticed Roxanne
 27016 | Swamp:2  | Killed Roxanne
 27017 | Swamp:2  | Identified Roxanne's Volume of Stones (You took it off
                  | Roxanne on level 2 of the Swamp)
 27497 | Swamp:3  | Noticed a thorn hunter
 27518 | Swamp:3  | Killed a thorn hunter
 27830 | Snake:1  | Entered Level 1 of the Snake Pit
 27966 | Snake:1  | Found Soabopa's Gadget Shop.
 27971 | Snake:1  | Found Leweupon's Jewellery Emporium.
 27972 | Snake:1  | Found Foriaqocymn's Gadget Shop.
 28191 | Snake:1  | Reached skill level 10 in Evocations
 29581 | Swamp:4  | Entered Level 4 of the Swamp
 29658 | Swamp:4  | Noticed Nikola
 29674 | Swamp:4  | Got a decaying rune of Zot
 30039 | Vaults:1 | Entered Level 1 of the Vaults
 30232 | Vaults:1 | HP: 5/157 [vault warden/bolt (20)]
 30354 | Vaults:1 | Killed from afar by a wizard

Skill      XL: |  1  2  3  4  5  6  7  8  9 10 11 12 13 14 15 16 |
---------------+-------------------------------------------------+-----
Axes           | 3 4 5 6 8 9 11 13 14 16 | 16.0
Shields        | 4 5 7 8 9 10 11 13 | 13.0
Dodging        | 1 2 3 5 7 8 |  8.6
Fighting       | 3 4 5 6 9 11 12 13 | 13.6
Armour         | 5 6 7 8 9 10 12 13 14 | 14.3
Evocations     | 2 4 7 9 10 | 10.4
Invocations    | 3 6 9 10 12 13 | 13.6
Spellcasting   | 1 |  1.0

Action                   |  1- 3 |  4- 6 |  7- 9 | 10-12 | 13-15 | 16-18 || total
-------------------------+-------+-------+-------+-------+-------+-------++-------
Melee: War axe           |   123 |   196 |   332 |   637 |   933 |   393 ||  2614
       Morningstar       |       |       |       |       |    25 |     8 ||    33
Throw: Tomahawk          |    18 |    28 |     3 |    42 |    51 |     6 ||   148
       Javelin           |       |    17 |    11 |    58 |       |       ||    86
Invok: Divine Shield     |       |       |       |     4 |     1 |       ||     5
       Cleansing Flame   |       |       |       |       |     2 |       ||     2
       Summon Divine War |       |       |       |       |    12 |     3 ||    15
 Abil: Heal Wounds       |       |     4 |     7 |    23 |    18 |     7 ||    59
Evoke: Wand              |       |       |     6 |    25 |    12 |    21 ||    64
  Use: Scroll            |       |     3 |     7 |     9 |    13 |     8 ||    40
       Potion            |       |     4 |     3 |     7 |    23 |     4 ||    41
 Stab: Invisible         |       |     4 |       |       |       |       ||     4
  Eat: Chunk             |       |     6 |    10 |    10 |    21 |       ||    47
       Ration            |       |       |     2 |     5 |     8 |     7 ||    22
Armor: Scale mail        |    56 |    67 |   107 |       |       |       ||   230
       Skin              |       |     7 |    13 |     4 |       |       ||    24
       Plate armour      |       |       |    28 |   226 |   402 |   192 ||   848
Dodge: Dodged            |    56 |    72 |    81 |    89 |   262 |   115 ||   675
Block: Shield            |     6 |       |    28 |   287 |   563 |   220 ||  1104
       Buckler           |    32 |    60 |    63 |       |       |       ||   155
